 Dungeon Crawl Stone Soup version 0.31-a0-995-g04711c9635 (webtiles) character file.

Game seed: 11433799720707593217

578 night the Stinger (level 7, -14/41 HPs)
             Began as an Octopode Venom Mage on Nov 6, 2023.
             Demolished by a sleepcap (19 damage)
             ... on level 5 of the Dungeon.
             The game lasted 00:11:49 (4851 turns).

night the Stinger (Octopode Venom Mage)             Turns: 4851, Time: 00:11:50

Health: -14/41     AC:  3    Str:  8    XL:     7   Next: 36%
Magic:  8/13       EV:  2    Int: 19    God:
Gold:   186        SH:  0    Dex: 18    Spells: 1/14 levels left

rFire   . .          .
                       - Unarmed
rCold   + . .        (no shield)
rNeg    . . .        (helmet restricted)
rPois   .            (no amulet)
rElec   .            i - +6 ring of dexterity
rCorr   .            h - ring of protection from cold
SInv    .            (no ring)
Will    .....        (no ring)
Stlth   +++          (no ring)
HPRegen 0.26/turn    (no ring)
MPRegen 0.13/turn    (no ring)
                     (no ring)

%: no passive effects
@: sleeping
A: almost no armour, amphibious, 8 rings, camouflage 1, gelatinous body 1,
(nimble swimmer 1), tentacles, iridescent scales 1, evolution 1
a: no special abilities


You were on level 5 of the Dungeon.
You visited 1 branch of the dungeon, and saw 5 of its levels.
You also visited: Ossuary.

You collected 186 gold pieces.

Inventory:

Hand Weapons
 o - the +1 sling of Ikoelun {speed, rC++}
   (You found it on level 5 of the Dungeon)

   rC++:      It greatly protects you from cold.
Missiles
 b - 6 javelins
 c - 69 stones
 k - 8 poisoned darts
 l - a boomerang
 m - a throwing net
Jewellery
 d - an amulet of faith
 h - a ring of protection from cold (right tentacle)
 i - a +6 ring of dexterity (left tentacle)
Scrolls
 f - 2 scrolls of identify
 g - 2 scrolls of teleportation
Potions
 a - a potion of magic
 e - 2 potions of might
 j - a potion of attraction
 n - a potion of heal wounds


   Skills:
 - Level 2.0 Dodging
 - Level 2.6 Stealth
 + Level 3.4 Unarmed Combat
 + Level 4.0 Spellcasting
 - Level 1.0 Transmutations
 * Level 7.4 Poison Magic


You had one spell level left.
You knew the following spells:

 Your Spells              Type           Power      Damage    Failure   Level
a - Sting                 Tmut/Pois      76%        1d6       2%          1
b - Poisonous Vapours     Pois/Air       36%        N/A       4%          2
c - Mephitic Cloud        Conj/Pois/Air  13%        N/A       16%         3
d - Olgreb's Toxic Radia  Pois           32%        N/A       6%          4
e - Ignite Poison         Fire/Tmut/Pois 14%        N/A       13%         3

Your spell library contained the following spells:

 Spells                   Type           Power      Damage    Failure   Level
 Kiss of Death            Conj/Necr      12%        2d6       14%         1
 Magic Dart               Conj           12%        1d3       14%         1
 Summon Small Mammal      Summ           12%        N/A       14%         1
 Cigotuvi's Dreadful Rot  Necr/Pois/Air  26%        N/A       8%          2
 Call Imp                 Summ           6%         N/A       21%         2
 Call Canine Familiar     Summ           3%         N/A       38%         3
 Confusing Touch          Hex            3%         N/A       38%         3
 Summon Guardian Golem    Hex/Summ       3%         N/A       38%         3
 Dispel Undead            Necr           3%         3d7       80%         4
 Freezing Cloud           Conj/Ice/Air   1%         6-21      98%         5


Dungeon Overview and Level Annotations

Branches:
Dungeon (5/15)            Ossuary (visited)
 Temple: D:4-7

Altars:

Shops:
D:4 (


Innate Abilities, Weirdness & Mutations

You cannot wear most types of armour.
You are amphibious.
You can wear up to eight rings at the same time.
Your skin changes colour to match your surroundings (Stealth+).
Your rubbery body absorbs attacks. (AC +1, EV +1)
((You are camouflaged when in or above water. (Stealth+)))
You have tentacles for arms and can constrict up to eight enemies at once.
You are partially covered in iridescent scales. (AC +2)
You have hidden genetic potential.


Message History

A sleepcap comes into view.
Found a stone staircase leading down.
The sleepcap releases spores at you.
You are engulfed in a cloud of soporific spores!
You fall asleep.
The sleepcap releases spores at you.
You wake up.
The sleepcap barely misses you.
Casting: Ignite Poison (dangerous; 13% risk of failure)
Confirm with . or Enter, or press ? or * to list all spells.
You can't see any susceptible monsters within range! (Use Z to cast anyway.)
You tentacle-slap the sleepcap. You grab the sleepcap.
You squeeze the sleepcap, but do no damage.
The sleepcap is lightly damaged.
You constrict the sleepcap, but do no damage.
The sleepcap misses you.
You tentacle-slap the sleepcap but do no damage.
The sleepcap is lightly damaged.
You constrict the sleepcap, but do no damage.
The sleepcap releases spores at you.
* * * LOW HITPOINT WARNING * * *
You are engulfed in a cloud of soporific spores!
You are unaffected.
You completely miss the sleepcap. You tentacle-slap the sleepcap.
You squeeze the sleepcap.
The sleepcap is heavily damaged.
You constrict the sleepcap, but do no damage.
The sleepcap releases spores at you but does no damage.
You tentacle-slap the sleepcap but do no damage.
The sleepcap is heavily damaged.
You constrict the sleepcap, but do no damage.
You tentacle-slap the sleepcap.
The sleepcap is heavily damaged.
You constrict the sleepcap. The sleepcap releases spores at you!
* * * LOW HITPOINT WARNING * * *
You are engulfed in a cloud of soporific spores!
You fall asleep.
You lose your grip on the sleepcap.
The sleepcap barely misses you. The sleepcap releases spores at you!!
You die...

###.............# #..#...#.#
#.#####.....######.##..#.####
###.#.....###........##.......#
......##### ########.......##.###
........# #.##....##....
........# #.##.##..#####
........# #.##.###......
........# #.##.# ##.#...
........############.@..# #..<...
.....................f.###....###
........############...# #.##.#
........# #....... #.# #.o..####
#.>......... #.##.# ##.########.
.. #.# #.. # #)# ##.# #)# .#


You could see a sleepcap.

Vanquished Creatures
  2 scorpions
  A centaur zombie (Ossuary)
  2 orc priests (D:5)
  A jelly (D:5)
  2 iguanas
  3 orc wizards
  A mummy (Ossuary)
  A howler monkey zombie (Ossuary)
  6 adders
  3 worms
  3 dart slugs
  18 orcs
  10 endoplasms
  5 giant cockroaches
  6 goblins
  5 hobgoblins
  4 jackals
  2 kobolds
  A quokka (D:4)
  9 ball pythons
  4 bats
  2 frilled lizards
  4 rats
95 creatures vanquished.

Notes
Turn   | Place    | Note
-------+----------+-------------------------------------------
     0 | D:1      | night the Octopode Venom Mage began the quest for the Orb.
     0 | D:1      | Reached XP level 1. HP: 11/11 MP: 3/3
   315 | D:1      | Reached XP level 2. HP: 17/17 MP: 1/5
   318 | D:1      | Learned a level 2 spell: Poisonous Vapours
   382 | D:1      | Reached skill level 4 in Poison Magic
   999 | D:2      | Reached skill level 1 in Unarmed Combat
  1055 | D:2      | Reached XP level 3. HP: 21/21 MP: 3/6
  1059 | D:2      | Learned a level 3 spell: Mephitic Cloud
  1417 | D:2      | Reached XP level 4. HP: 27/27 MP: 2/7
  1796 | D:2      | Reached skill level 5 in Poison Magic
  2099 | D:2      | Found a faded altar of an unknown god.
  2381 | D:3      | Reached XP level 5. HP: 26/31 MP: 4/9
  2675 | D:3      | Reached skill level 2 in Unarmed Combat
  3132 | D:3      | Learned a level 4 spell: Olgreb's Toxic Radiance
  3352 | D:4      | Found a sand-covered staircase.
  3362 | Ossuary  | Entered an ossuary
  3379 | Ossuary  | Gained mutation: You have hidden genetic potential. [potion
                  | of mutation]
  3382 | Ossuary  | Reached skill level 6 in Poison Magic
  3383 | Ossuary  | HP: 1/46 [bog mummy (8)]
  3388 | Ossuary  | Reached XP level 6. HP: 3/36 MP: 10/10
  3994 | D:4      | Gained mutation: You are partially covered in iridescent
                  | scales. (AC +2) [hidden potential]
  4152 | D:4      | Found Lojyehoc's Antique Weapon Shop.
  4436 | D:5      | Entered Level 5 of the Dungeon
  4634 | D:5      | Reached skill level 7 in Poison Magic
  4634 | D:5      | Reached XP level 7. HP: 32/41 MP: 12/12
  4724 | D:5      | Learned a level 3 spell: Ignite Poison
  4731 | D:5      | Identified the +1 sling of Ikoelun {speed, rC++}
  4849 | D:5      | HP: 5/41 [sleepcap (7)]
  4851 | D:5      | Demolished by a sleepcap

Illustrated notes

Levels and vault maps discovered:
D:1:      minmay_arrival_shattered_statue, layout_basic, minmay_misc_feat_square
D:2:      layout_basic, shapermc_ecumenical_altar_mp_vishouse,
          kennysheep_generic_room_11
D:3:      layout_rooms
D:4:      layout_loops_ring, serial_shops, nicolae_shop_statue_plus,
          nicolae_ossuary_entry_ruins
D:5:      layout_rooms, nicolae_letterblocks [nicolae_letter_subblock,
          nicolae_letter_subblock, nicolae_letter_subblock,
          nicolae_letter_subblock, nicolae_letter_subblock,
          nicolae_letter_subblock, nicolae_letter_subblock,
          nicolae_letter_subblock, nicolae_letter_subblock,
          nicolae_letter_subblock, nicolae_letter_subblock,
          nicolae_letter_subblock, nicolae_letter_subblock,
          nicolae_letter_subblock, nicolae_letter_subblock,
          nicolae_letter_subblock, nicolae_letter_subblock,
          nicolae_letter_subblock, nicolae_letter_subblock,
          nicolae_letter_subblock, nicolae_letter_subblock,
          nicolae_letter_subblock, nicolae_letter_subblock,
          nicolae_letter_subblock, nicolae_letter_subblock]

Skill      XL: |  1  2  3  4  5  6  7 |
---------------+----------------------+-----
Poison Magic   | 4 5 6 7 |  7.4
Unarmed Combat | 1 2 3 |  3.4
Spellcasting   | 3 4 |  4.0
Dodging        | |  2.0
Stealth        | |  2.6
Transmutations | |  1.0

Action                     |  1- 3 |  4- 6 |  7- 9 || total
---------------------------+-------+-------+-------++-------
  Melee: Unarmed           |    22 |   115 |     6 ||   143
         Constrict         |     5 |    28 |     2 ||    35
         Tentacles         |     3 |    31 |     2 ||    36
         Punch             |       |     3 |     1 ||     4
   Fire: Sling             |       |       |     2 ||     2
   Cast: Sting             |    22 |    27 |       ||    49
         Poisonous Vapours |    19 |    48 |       ||    67
         Olgreb's Toxic Ra |       |     2 |     1 ||     3
         Ignite Poison     |       |       |     1 ||     1
    Use: Scroll            |       |     8 |       ||     8
         Potion            |       |     2 |       ||     2
   Stab: Sleeping          |       |     6 |       ||     6
 Armour: Skin              |    12 |    47 |     6 ||    65
  Dodge: Dodged            |    18 |    70 |     3 ||    91

Table legend: (Time is in decaauts)
 A = Elapsed time spent in this place.
 B = Non-inter-level travel time spent in this place.
 C = Inter-level travel time spent in this place.
 D = Time resting spent in this place.
 E = Time spent auto-exploring this place.
 F = Levels seen in this place.
 G = Mean time per level.
                   A        B        C        D        E       F      G
               +--------+--------+--------+--------+--------+-----+--------+
         Total |   4842 |   4727 |    115 |    850 |   3092 |   6 |  807.0 |
       Dungeon |   4694 |   4579 |    115 |    730 |   3092 |   5 |  938.8 |
       Ossuary |    147 |    147 |      0 |    120 |      0 |   1 |  147.0 |
               +--------+--------+--------+--------+--------+-----+--------+

Top non-repeatable levels by time:
     D:2: 1272 daAuts
     D:3: 1100 daAuts
     D:4: 977 daAuts
     D:1: 931 daAuts
     D:5: 412 daAuts
 Ossuary: 147 daAuts
